AoeStats
← benart

Black Forest

508723325Analyzed
4v4 RM · 8d ago on Sep 23, 2026· 42m 3s· 8 players
Game mode
Random Map
Map size
Large (8 player)
Population
200
Speed
Normal
Resources
Standard
Victory
Conquest
Starting age
Dark Age
Ending age
Imperial Age
RankedLock teamsTeams togetherTeam positionsShared explorationLock speedFull tech treeHidden civsTurbo modeCheats
Victory
Defeat
🇩🇪 Malay · Germany
1359
+14
🇩🇪 Gurjaras · Germany
1337
+15
🇩🇪 Cumans · Germany
1324
+16
🇩🇪 Franks · Germany
1287
+17
🇳🇱 Danes · Netherlands
1436
-20
🇹🇼 Persians · Taiwan
1331
-16
1317
-16
🇹🇷 Poles · Türkiye
1186
-10
IMPORTAINER S.A @ DaNkoN_ARG
1:43 Loom
13:50 Feudal Age
14:47 Double-Bit Axe
24:18 Scale Mail Armor
24:28 Forging
25:06 Fishing Lines
VesperalCamp546
2:30 Loom
11:58 Feudal Age
15:39 Castle Age
13:33 Double-Bit Axe
13:57 Horse Collar
emrahcapar81
0:54 Loom
10:54 Feudal Age
15:40 Castle Age
13:43 Double-Bit Axe
14:07 Horse Collar
16:07 Wheelbarrow
18:11 Bow Saw
18:05 Heavy Plow
24:43 Szlachta Privileges
25:05 Hand Cart
25:26 Bloodlines
25:18 Husbandry
27:40 Forging
27:37 Scale Barding Armor
31:19 Iron Casting
31:05 Chain Barding Armor
35:13 Imperial Age
37:03 Blast Furnace
35:26 Cavalier
linyankuang0725
11:02 Feudal Age
14:52 Castle Age
12:46 Double-Bit Axe
14:02 Horse Collar
17:04 Bow Saw
17:22 Loom
20:35 Scale Barding Armor
23:21 Heavy Plow
25:00 Bloodlines
benart
6:56 Loom
10:36 Feudal Age
11:10 Double-Bit Axe
25:19 Castle Age
27:42 Forging
27:38 Scale Barding Armor
27:59 Bloodlines
27:56 Horse Collar
29:09 Iron Casting
29:41 Chain Barding Armor
30:09 Wheelbarrow
31:35 Heavy Plow
34:42 Bow Saw
38:46 Imperial Age
39:04 Gold Mining
39:06 Stone Mining
41:54 Blast Furnace
41:29 Plate Barding Armor
40:24 Cavalier
Trickshot
5:16 Loom
11:41 Feudal Age
13:21 Man-at-Arms
16:35 Double-Bit Axe
29:01 Castle Age
29:53 Bow Saw
29:35 Gold Mining
29:30 Horse Collar
29:14 Long Swordsman
29:55 Squires
30:07 Forging
31:22 Heavy Plow
32:35 Pikeman
35:02 Wheelbarrow
34:12 Town Watch
35:41 Iron Casting
36:50 Hand Cart
39:52 Arson
Spieler2
4:24 Loom
10:45 Feudal Age
15:40 Castle Age
13:46 Double-Bit Axe
17:16 Scale Barding Armor
26:56 Sanctity
35:00 Chain Barding Armor
41:11 Imperial Age
40:03 Forging
41:11 Bloodlines
41:02 Husbandry
42:02 Iron Casting
41:22 Heavy Camel Rider
42:39 Plate Barding Armor
Wilma Raiden I.
11:11 Feudal Age
14:38 Castle Age
17:38 Scale Barding Armor
19:21 Forging
30:14 Chain Barding Armor
31:05 Iron Casting
39:33 Pikeman
41:18 Double-Bit Axe
Connection lost

Rejoining the realm…

Still unreachable

The connection could not be restored.

Session expired

The server has moved on; the page needs a fresh start.